 Dungeon Crawl Stone Soup version 0.27.1-33-g824d729ab1 (webtiles) character file.

Game seed: 399690393972430608

2819 spaced the Spear-Bearer (level 9, -7/54 HPs)
             Began as a Tengu Fighter on Dec 13, 2021.
             Was a Believer of the Shining One.
             Killed from afar by Harold (13 damage)
             ... with a bolt of acid
             ... on level 8 of the Dungeon.
             The game lasted 00:44:55 (7698 turns).

spaced the Spear-Bearer (Tengu Fighter)             Turns: 7698, Time: 00:44:56

Health: -7/54      AC: 12    Str: 25    XL:     9   Next: 72%
Magic:  10/10      EV:  7    Int:  8    God:    the Shining One [**....]
Gold:   331        SH: 20    Dex: 22    Spells: 7/8 levels left

rFire    + . .     SeeInvis +   e - +9 lance "Wyrmbane" {slay drac, rPois rF+ rC+ AC+3}
rCold    + . .     Faith    +   T - +3 tower shield
rNeg     + + .     Spirit   .   h - +0 chain mail
rPois    +         Reflect  .   (helmet restricted)
rElec    .         Harm     .   v - +0 cloak
rCorr    .         Rampage  .   S - +0 pair of gloves
Will     .....                  (boots unavailable)
Stlth    ..........             W - amulet "Pifouvoa" {Faith Drain rN+ Dex+7}
HPRegen  0.18/turn              F - +6 ring of strength
MPRegen  0.12/turn              i - ring of see invisible

@: marked, corroded, flying quickly and evasively, glowing, quick
A: beak, talons 3, nimble flight
a: Renounce Religion, Divine Shield


You were on level 8 of the Dungeon.
You worshipped the Shining One.
The Shining One was pleased with you.
You visited 2 branches of the dungeon, and saw 9 of its levels.

You collected 331 gold pieces.

Inventory:

Hand Weapons
 a - a +0 trident
 e - the +9 lance "Wyrmbane" (weapon) {slay drac, rPois rF+ rC+ AC+3}
   (You took it off Maggie on level 7 of the Dungeon)

   It inflicts extra damage against dragons and draconians.
   AC:        It affects your AC (+3).
   rF:        It protects you from fire.
   rC:        It protects you from cold.
   rPois:     It protects you from poison.
 H - a +0 shortbow
 Y - a +3 long sword
 Z - a +3 vorpal fustibalus
Missiles
 x - 15 poisoned darts
 I - 52 arrows
 J - a throwing net
Armour
 c - a +0 kite shield
 h - a +0 chain mail (worn)
 l - +0 steam dragon scales
 v - a +0 cloak (worn)
 S - a +0 pair of gloves (worn)
 T - a +3 tower shield (worn)
 V - a +2 ring mail of willpower
Magical Staves
 j - a staff of fire
Jewellery
 i - a ring of see invisible (right hand)
 w - a ring of ice
 C - a ring of magical power
 E - an amulet of magic regeneration
 F - a +6 ring of strength (left hand)
 O - a ring of magical power
 P - a ring of protection from fire
 W - the amulet "Pifouvoa" (around neck) {Faith Drain rN+ Dex+7}
   (You found it on level 7 of the Dungeon)

   [amulet of faith]

   It allows you to gain divine favour quickly.
   Dex:       It affects your dexterity (+7).
   rN:        It protects you from negative energy.
   Drain:     It drains your maximum health when unequipped.
 X - a ring of willpower
Wands
 o - a wand of flame (18) (quivered)
 t - a wand of iceblast (4)
 U - a wand of charming (3)
Scrolls
 b - 2 scrolls of silence
 f - a scroll of summoning {unknown}
 g - a scroll of enchant weapon {unknown}
 n - a scroll of identify
 p - a scroll of fog {unknown}
 q - a scroll of vulnerability {unknown}
 y - 2 scrolls of noise {unknown}
 z - 3 scrolls of teleportation {unknown}
 D - 2 scrolls of enchant armour
 R - a scroll of blinking {unknown}
Potions
 d - 2 potions of might
 k - 2 potions of brilliance
 m - 2 potions of lignification
 r - 2 potions of haste
 s - a potion of attraction
 G - a potion of degeneration {unknown}
 K - 3 potions of curing {unknown}
 L - a potion of ambrosia {unknown}
 M - a potion of mutation {unknown}


   Skills:
 + Level 5.1 Fighting
 + Level 8.1 Polearms
 + Level 3.1 Throwing
 + Level 8.0 Armour
 + Level 2.7 Dodging
 + Level 1.9 Stealth
 + Level 6.1 Shields
 + Level 1.9 Evocations


You had 7 spell levels left.
You knew the following spells:

 Your Spells              Type           Power      Damage    Failure   Level
a - Apportation           Tloc           0%         N/A       100%        1

Your spell library contained the following spells:

 Spells                   Type           Power      Damage    Failure   Level
 Animate Skeleton         Necr           0%         N/A       100%        1
 Corona                   Hex            0%         N/A       100%        1
 Summon Small Mammal      Summ           0%         N/A       100%        1
 Gell's Gravitas          Tloc           0%         N/A       100%        3
 Lesser Beckoning         Tloc           0%         N/A       100%        3
 Teleport Other           Tloc           0%         N/A       100%        3
 Dispersal                Tloc           0%         N/A       100%        6


Dungeon Overview and Level Annotations

Branches:
Dungeon (8/15)             Temple (1/1) D:5
   Lair: D:8-11

Altars:
Ashenzari
Dithmenos
Elyvilon
Fedhas
Gozag
Hepliaklqana
Kikubaaqudgha
Makhleb
Nemelex Xobeh
Okawaru
Qazlal
Sif Muna
Trog
Uskayaw
Vehumet
Wu Jian
Xom
Yredelemnul
Zin
The Shining One

Annotations:
D:3 3 runed translucent doors, exclusion: oklob plant, DemonSlayer's ghost, amateur DsBe; Iich's ghost, amateur MiBe
D:8 Harold


Innate Abilities, Weirdness & Mutations

You have a beak for a mouth.
You have claws for feet.
Your magical nature lets you fly swiftly and evasively.


Message History

You tear a large gash into the net.
You struggle against the net.
Aiming: Throw Flame
Press: ? - help, Shift-Dir - straight line, f/p - Harold
Aim: Harold, wielding a +0 dire flail, wearing a +0 chain mail, quivering a throwing net and carrying a wand of acid (7) (lightly wounded, 86% to hit)
The puff of flame hits Harold but does no damage.
Harold is lightly wounded.
Aiming: Throw Flame
Press: ? - help, Q - select action, (/) - cycle Shift-Dir - straight line, f/p - Harold
Aim: Harold, wielding a +0 dire flail, wearing a +0 chain mail, quivering a throwing net and carrying a wand of acid (7) (lightly wounded, 86% to hit)
The puff of flame hits Harold.
Harold is moderately wounded.
Harold zaps a wand.
The bolt of acid hits you!
You are splashed with acid!
Aiming: Throw Flame
Press: ? - help, Q - select action, (/) - cycle Shift-Dir - straight line, f/p - Harold
Aim: Harold, wielding a +0 dire flail, wearing a +0 chain mail, quivering a throwing net and carrying a wand of acid (6) (moderately wounded, 86% to hit)
The puff of flame hits Harold but does no damage.
Harold is moderately wounded.
You cannot attack while held in a net.
You struggle against the net.
Aiming: Throw Flame
Press: ? - help, Q - select action, (/) - cycle Shift-Dir - straight line, f/p - Harold
Aim: Harold, wielding a +0 dire flail, wearing a +0 chain mail, quivering a throwing net and carrying a wand of acid (6) (moderately wounded, haloed, 91% to hit)
The puff of flame hits Harold.
Harold is moderately wounded.
Harold looks eager to get this over with.
Harold hits you with a +0 dire flail!
You rip the net and break free!
Harold zaps a wand.
The bolt of acid hits you!
* * * LOW HITPOINT WARNING * * *
The acid corrodes you!
You are splashed with acid!
The Shining One protects you from harm!
You puncture Harold! Your kick misses Harold.
You peck Harold, but do no damage.
Harold is moderately wounded.
Harold casts a spell at you. A sentinel's mark forms upon you.
You puncture Harold! You claw Harold, but do no damage.
Harold is heavily wounded.
Harold zaps a wand.
The bolt of acid hits you!
You die...

#..# # #...
#.#... #.#..#
#....# ##
#..##### ..
#......#
#####.#..###.#
......@@.#
......##.###.#
.##... #<....#
#.............
.....####......
....$ .####.
.... ?# ## #


You could see Harold.

Vanquished Creatures
  Maggie (D:7)
  Grinder (D:6)
  Eustachio (D:6)
  2 black bears
  An ice beast (D:5)
  2 hornet zombies
  3 necrophages
  2 centaurs
  2 ogres
  A phantom (D:5)
  2 scorpions
  4 killer bees (D:7)
  3 wights (D:6)
  5 hounds
  A bullfrog skeleton (D:4)
  A centaur skeleton (D:6)
  An orc priest (D:6)
  Crazy Yiuf (D:3)
  3 iguanas
  An orc wizard (D:6)
  A scorpion zombie (D:5)
  A killer bee zombie (D:6)
  A hound skeleton (D:4)
  Robin (D:4)
  A howler monkey skeleton (D:5)
  An adder (D:3)
  A shadow imp (D:7)
  An ufetubus (D:6)
  An adder skeleton (D:5)
  2 worms
  2 dart slugs
  12 orcs
  2 ball pythons
  5 endoplasms
  2 giant cockroaches
  20 goblins
  8 hobgoblins
  5 jackals
  7 kobolds
  4 quokkas
  2 bats
  4 frilled lizards
  5 rats
127 creatures vanquished.

Vanquished Creatures (collateral kills)
  2 killer bees (D:7)
2 creatures vanquished.

Vanquished Creatures (others)
  2 plants (D:3)
2 creatures vanquished.

Grand Total: 131 creatures vanquished

Notes
Turn   | Place    | Note
-------+----------+-------------------------------------------
     0 | D:1      | spaced the Tengu Fighter began the quest for the Orb.
     0 | D:1      | Reached XP level 1. HP: 14/14 MP: 2/2
    59 | D:1      | Found a faded altar of an unknown god.
   198 | D:1      | Reached XP level 2. HP: 19/19 MP: 3/3
   802 | D:2      | Reached XP level 3. HP: 23/23 MP: 4/4
  1577 | D:3      | Found a blossoming altar of Fedhas.
  1595 | D:3      | Noticed an oklob plant
  1869 | D:3      | Reached XP level 4. HP: 25/28 MP: 5/5
  1921 | D:3      | Found a runed translucent door.
  1922 | D:3      | Noticed Crazy Yiuf
  1930 | D:3      | Killed Crazy Yiuf
  2372 | D:3      | Found a runed translucent gate.
  2372 | D:3      | Found a runed translucent gate.
  2373 | D:3      | Found a runed translucent gate.
  2377 | D:3      | Noticed Iich's ghost (amateur MiBe)
  2377 | D:3      | Noticed DemonSlayer's ghost (amateur DsBe)
  2436 | D:4      | Noticed a necrophage
  2441 | D:4      | Killed a necrophage
  2442 | D:4      | Gained mutation: Your magical nature lets you fly swiftly
                  | and evasively. [Tengu growth]
  2442 | D:4      | Reached XP level 5. HP: 32/32 MP: 6/6
  2451 | D:4      | Found a shimmering blue altar of Sif Muna.
  2523 | D:4      | Reached XP level 6. HP: 30/37 MP: 7/7
  2537 | D:4      | Identified the +0 helmet of the Kraken {*Slow rPois rN+
                  | Int+4}
  2537 | D:4      | Noticed Robin
  2548 | D:4      | Killed Robin
  2984 | D:4      | Noticed a black bear
  2994 | D:4      | Killed a black bear
  2995 | D:4      | Reached skill level 5 in Polearms
  3224 | D:4      | Noticed a necrophage
  3233 | D:4      | Killed a necrophage
  3234 | D:4      | Reached skill level 1 in Throwing
  3234 | D:4      | Reached skill level 5 in Armour
  3234 | D:4      | Reached XP level 7. HP: 39/42 MP: 8/8
  3630 | D:5      | Entered Level 5 of the Dungeon
  3644 | D:5      | Found a staircase to the Ecumenical Temple.
  4125 | D:5      | Found a glowing golden altar of the Shining One.
  4133 | D:5      | Became a worshipper of the Shining One
  4256 | D:5      | Reached skill level 1 in Dodging
  4256 | D:5      | Reached XP level 8. HP: 45/48 MP: 9/9
  4289 | D:5      | HP: 3/72 [hornet zombie (3)]
  4607 | D:5      | Found a bloodstained altar of Trog.
  4923 | D:5      | Learned a level 1 spell: Apportation
  5094 | Temple   | Entered the Ecumenical Temple
  5521 | D:6      | Found a broken altar of Ashenzari.
  5549 | D:6      | Noticed Grinder
  5555 | D:6      | Killed Grinder
  5560 | D:6      | Reached * piety under the Shining One
  5647 | D:6      | Reached skill level 1 in Evocations
  5703 | D:6      | You are sucked into a shaft and drop 1 floor!
  5854 | D:7      | Reached XP level 9. HP: 19/53 MP: 10/10
  5858 | D:7      | Reached skill level 5 in Fighting
  5858 | D:7      | Reached skill level 5 in Shields
  6174 | D:7      | Found a white marble altar of Elyvilon.
  6321 | D:7      | Identified the amulet "Pifouvoa" {Faith Drain rN+ Dex+7}
  6346 | D:7      | Found a shadowy altar of Dithmenos.
  6347 | D:7      | Found an ornate altar of the Wu Jian Council.
  6348 | D:7      | Found a glowing silver altar of Zin.
  6349 | D:7      | Found a stormy altar of Qazlal.
  6404 | D:6      | Noticed Eustachio
  6427 | D:6      | Killed Eustachio
  7163 | D:7      | Reached ** piety under the Shining One
  7163 | D:7      | Noticed Maggie
  7166 | D:7      | Reached skill level 1 in Stealth
  7189 | D:7      | Killed Maggie
  7686 | D:8      | Noticed Harold
  7696 | D:8      | The Shining One protects you from harm!
  7698 | D:8      | Killed from afar by Harold

Illustrated notes

Levels and vault maps discovered:
D:1:      onia_arrival_mini_maze_b, layout_basic, basic_ecumenical_altar
D:2:      layout_basic, serial_park_tiny_2
D:3:      layout_rooms, tgw_fedhas, gammafunk_ghost_cemetery,
          uniq_crazy_yiuf_cottage
D:4:      layout_basic, nicolae_sif_muna_condensation, uniq_robin
D:5:      layout_layer_cave, mainiacjoe_overflow_paths,
          mainiacjoe_overflow_surrounded_room, minmay_temple_entry_offerings
D:6:      layout_basic, nicolae_ashenzari_skybound, uniq_eustachio, uniq_grinder
D:7:      layout_basic, mainiacjoe_overflow_alcove_3,
          mainiacjoe_overflow_catwalk, grunt_ministairs_6, uniq_maggie
D:8:      layout_basic, lair_entry_dummy, special_room [special_room_orc],
          uniq_harold, uniq_psyche, uniq_maurice
Temple:   dpeg_chambers_temple

Skill      XL: |  1  2  3  4  5  6  7  8  9 |
---------------+----------------------------+-----
Armour         | 4 5 7 8 |  8.0
Polearms       | 4 5 6 7 8 |  8.1
Shields        | 4 6 |  6.1
Throwing       | 1 2 3 |  3.1
Fighting       | 4 5 |  5.1
Dodging        | 1 2 |  2.7
Evocations     | 1 |  1.9
Stealth        | 1 |  1.9

Action                   |  1- 3 |  4- 6 |  7- 9 || total
-------------------------+-------+-------+-------++-------
Melee: Trident           |   105 |    90 |   185 ||   380
       Kick              |    19 |    27 |    64 ||   110
       Peck              |    13 |    14 |    40 ||    67
       Lance             |       |       |     4 ||     4
Throw: Dart              |       |    20 |    26 ||    46
Evoke: Wand              |       |       |    34 ||    34
  Use: Scroll            |     3 |     1 |     2 ||     6
       Potion            |       |     1 |     4 ||     5
Armor: Scale mail        |     5 |       |       ||     5
       Chain mail        |    33 |    36 |    69 ||   138
Dodge: Dodged            |    16 |    16 |    40 ||    72
Block: Kite shield       |    24 |    34 |    29 ||    87
       Tower shield      |       |       |   112 ||   112
